 Dungeon Crawl Stone Soup version 0.31-a0-925-g0a390f2509 (webtiles) character file.

Game seed: 3701595762921731266

697 pokeman the Magician (level 7, -5/39 HPs)
             Began as a Deep Elf Hedge Wizard on Oct 18, 2023.
             Was an Initiate of Vehumet.
             Slain by a wight
             ... wielding a +0 scimitar
              (7 damage)
             ... on level 5 of the Dungeon.
             The game lasted 00:08:14 (5530 turns).

pokeman the Magician (Deep Elf Hedge Wizard)        Turns: 5530, Time: 00:08:15

Health: -5/39      AC:  3    Str:  7    XL:     7   Next: 37%
Magic:  6/19       EV: 13    Int: 21    God:    Vehumet [......]
Gold:   339        SH:  0    Dex: 14    Spells: 8/20 levels left

rFire   . . .        a - +0 dagger
rCold   . . .        (no shield)
rNeg    . . .        b - +0 robe
rPois   .            m - +0 helmet
rElec   .            (no cloak)
rCorr   .            (no gloves)
SInv    .            (no boots)
Will    .....        (no amulet)
Stlth   ++           (no ring)
HPRegen 0.26/turn    (no ring)
MPRegen 0.16/turn

%: no passive effects
@: on blink cooldown
A: no striking features
a: Renounce Religion


You were on level 5 of the Dungeon.
You worshipped Vehumet.
Vehumet was noncommittal.
You visited 2 branches of the dungeon, and saw 6 of its levels.

You collected 339 gold pieces.

Inventory:

Hand Weapons
 a - a +0 dagger (weapon)
Armour
 b - a +0 robe (worn)
 m - a +0 helmet (worn)
 o - the +6 ring mail of Fresh Birdsong {Harm Regen+ Str+3 Int+4}
   (You found it on level 2 of the Dungeon)

   Str+3:     It affects your strength (+3).
   Int+4:     It affects your intelligence (+4).
   Regen+:    It increases your rate of health regeneration.
   Harm:      It increases damage dealt and taken.
Magical Staves
 i - a staff of death
 y - a staff of cold
Wands
 q - a wand of mindburst (4)
 s - a wand of flame (31)
 v - a wand of polymorph (8)
Scrolls
 f - a scroll of butterflies {unknown}
 h - a scroll of revelation {unknown}
 j - 5 scrolls of identify {unknown}
 k - a scroll of amnesia {unknown}
 p - 3 scrolls of fog {unknown}
 t - a scroll of enchant weapon {unknown}
 u - 2 scrolls of torment {unknown}
 w - a scroll of blinking {unknown}
 x - a scroll of silence {unknown}
Potions
 c - 2 potions of resistance {unknown}
 d - a potion of magic
 e - 3 potions of enlightenment {unknown}
 g - 2 potions of mutation {unknown}
 l - 2 potions of invisibility {unknown}
 n - a potion of lignification {unknown}
 r - 2 potions of curing {unknown}
 z - a potion of might {unknown}


   Skills:
 + Level 1.7 Fighting
 - Level 1.0 Armour
 - Level 3.0 Dodging
 - Level 3.0 Stealth
 * Level 7.3 Spellcasting
 + Level 5.1 Conjurations
 - Level 1.1 Summonings
 + Level 1.9 Necromancy
 - Level 1.1 Translocations
 - Level 1.1 Ice Magic
 - Level 1.0 Air Magic
 - Level 1.0 Poison Magic
 - Level 1.0 Evocations


You had 8 spell levels left.
You knew the following spells:

 Your Spells              Type           Power      Damage    Failure   Level
a - Magic Dart            Conj           100%       1d8       1%          1
b - Mephitic Cloud        Conj/Pois/Air  17%        N/A       10%         3
c - Call Imp              Summ           24%        N/A       9%          2
d - Blink                 Tloc           24%        N/A       9%          2
e - Dispel Undead         Necr           15%        3d10      36%         4

Your spell library contained the following spells:

 Spells                   Type           Power      Damage    Failure   Level
 Kiss of Death            Conj/Necr      88%        2d12      1%          1
 Cigotuvi's Dreadful Rot  Necr/Pois/Air  26%        N/A       8%          2
 Slow                     Hex            28%        N/A       9%          1
 Ensorcelled Hibernation  Hex/Ice        20%        N/A       11%         2
 Jinxbite                 Hex            14%        N/A       13%         2
 Confusing Touch          Hex            7%         N/A       26%         3
 Anguish                  Hex/Necr       5%         N/A       50%         4


Dungeon Overview and Level Annotations

Branches:
Dungeon (5/15)             Temple (1/1) D:4

Altars:
Ashenzari
Cheibriados
Dithmenos
Elyvilon
Fedhas
Gozag
Kikubaaqudgha
Makhleb
Nemelex Xobeh
Okawaru
Qazlal
Ru
Sif Muna
Vehumet
Wu Jian
Yredelemnul
Zin


Message History

Your cerulean imp barely misses the ufetubus.
Casting: Magic Dart (safe; 1% risk of failure)
Confirm with . or Enter, or press ? or * to list all spells.
Aiming: Magic Dart (safe; 1% risk of failure)
Press: ? - help, Shift-Dir - straight line, f/p - ufetubus
Aim: an ufetubus (ally target, 100% to hit)
The magic dart hits the ufetubus.
The ufetubus is heavily wounded.
Something hits your cerulean imp!
Your cerulean imp dies!
Your cerulean imp disappears in a puff of smoke!
The ufetubus closely misses you. The ufetubus hits you.
Casting: Magic Dart (safe; 1% risk of failure)
Confirm with . or Enter, or press ? or * to list all spells.
Aiming: Magic Dart (safe; 1% risk of failure)
Press: ? - help, Shift-Dir - straight line, f/p - ufetubus
Aim: an ufetubus (heavily wounded, 100% to hit)
The magic dart hits the ufetubus but does no damage.
The ufetubus is heavily wounded.
The ogre shouts!
You hear a shout!
The ufetubus misses you. The ufetubus barely misses you. The ufetubus hits you.
The ufetubus closely misses you.
The iguana hisses angrily.
The centaur wields a +0 orcbow.
The centaur shoots an arrow.
The arrow hits you!
* * * LOW HITPOINT WARNING * * *
The ufetubus attacks as it pursues you! The ufetubus closely misses you.
The ufetubus hits you.
* * * LOW HITPOINT WARNING * * *
The ogre misses you. The ufetubus misses you. The ufetubus hits you.
* * * LOW HITPOINT WARNING * * *
Unknown command.
Casting: Magic Dart (safe; 1% risk of failure)
Confirm with . or Enter, or press ? or * to list all spells.
You blink.
Casting: Blink (safe; 9% risk of failure)
Confirm with . or Enter, or press ? or * to list all spells.
A tiny devil pulls itself out of the air.
The wight hits you with a +0 scimitar!
You die...

..#.....# #########. #...##..####
.... ...........# ##### ..#
.##...####.###... #.# #
.##.........##.# ###l##....#
#.....####.....####O.......##.
(.##.##..........55c#......#..##
.............#.##z###...l.......#
.....##.........@..............5.
....###.###.....###.............<
.c...##.#####_#####............l.
...#.##.###.....###............5o
..##..#.....................cO...
..# #...>.>.###.................#
..######.# ..##...........###
....# .# .#.... .... ###.# ...


You could see an ogre, a centaur, an iguana, a wight (ally target), an ufetubus
and a friendly cerulean imp (summoned).

Vanquished Creatures
  Sigmund (D:4)
  A black bear (D:5)
  A howler monkey (D:4)
  4 hounds
  2 orc wizards
  2 hound skeletons (D:3)
  6 adders
  An ufetubus (D:5)
  An adder skeleton (D:3)
  A worm (D:2)
  A dart slug (D:5)
  5 orcs
  7 ball pythons
  7 endoplasms
  2 giant cockroaches (D:3)
  9 goblins
  5 hobgoblins
  7 jackals
  4 quokkas
  A ball python skeleton (D:3)
  7 bats
  3 frilled lizards
  6 kobolds
  9 rats
93 creatures vanquished.

Vanquished Creatures (collateral kills)
  A scorpion (D:4)
1 creature vanquished.

Grand Total: 94 creatures vanquished

Notes
Turn   | Place    | Note
-------+----------+-------------------------------------------
     0 | D:1      | pokeman the Deep Elf Hedge Wizard began the quest for the
                  | Orb.
     0 | D:1      | Reached XP level 1. HP: 10/10 MP: 7/7
   110 | D:1      | You fall into a shaft and drop 1 floor!
   312 | D:2      | Reached XP level 2. HP: 16/16 MP: 2/9
   867 | D:1      | Reached skill level 5 in Spellcasting
  1401 | D:1      | Reached XP level 3. HP: 20/20 MP: 9/11
  1405 | D:1      | Learned a level 3 spell: Mephitic Cloud
  1408 | D:1      | Learned a level 2 spell: Call Imp
  1411 | D:1      | Learned a level 2 spell: Blink
  1621 | D:2      | Reached skill level 1 in Fighting
  1673 | D:2      | Reached skill level 1 in Armour
  1837 | D:2      | Identified the +6 ring mail of Fresh Birdsong {Harm Regen+
                  | Str+3 Int+4}
  2061 | D:2      | Found a faded altar of an unknown god.
  2325 | D:3      | Reached XP level 4. HP: 25/25 MP: 11/13
  2864 | D:3      | Found a sparkling altar of Nemelex Xobeh.
  3054 | D:3      | Found an ornate altar of the Wu Jian Council.
  3642 | D:4      | Reached skill level 6 in Spellcasting
  3642 | D:4      | Reached XP level 5. HP: 26/29 MP: 7/15
  3768 | D:4      | Reached skill level 1 in Necromancy
  3853 | D:4      | Reached skill level 1 in Evocations
  3922 | D:4      | Found a shimmering blue altar of Sif Muna.
  4072 | D:4      | Reached skill level 1 in Poison Magic
  4215 | D:4      | Noticed Sigmund
  4237 | D:4      | Killed Sigmund
  4238 | D:4      | Reached XP level 6. HP: 34/34 MP: 5/17
  4320 | D:4      | Learned a level 4 spell: Dispel Undead
  4345 | D:4      | Found a staircase to the Ecumenical Temple.
  4354 | Temple   | Entered the Ecumenical Temple
  4361 | Temple   | Became a worshipper of Vehumet
  4540 | D:5      | Entered Level 5 of the Dungeon
  4603 | D:5      | Reached skill level 1 in Air Magic
  4811 | D:5      | Reached skill level 1 in Ice Magic
  4811 | D:5      | Reached XP level 7. HP: 25/38 MP: 8/19
  4880 | D:5      | Found a white marble altar of Elyvilon.
  5024 | D:4      | Reached skill level 7 in Spellcasting
  5024 | D:4      | Reached skill level 5 in Conjurations
  5502 | D:5      | Found a broken altar of Ashenzari.
  5527 | D:5      | HP: 1/39 [ufetubus (3)]
  5530 | D:5      | Slain by a wight

Illustrated notes

Levels and vault maps discovered:
D:1:      amcnicky_arrival_underground_garden, layout_basic, serial_aquarium,
          aquarium_bridge_square [aquarium_subvault_window,
          aquarium_subvault_wall, aquarium_subvault_wall,
          aquarium_subvault_bridge], aquarium_window_3, aquarium_window_fake,
          aquarium_view_2a, minmay_domino_4
D:2:      cheibrodos_old_hovel, layout_basic, basic_ecumenical_altar
D:3:      layout_basic, nicolae_wu_jian_immortal_techniques,
          lemuel_doored_altar, serial_undead, serial_undead_c, serial_undead_a,
          serial_undead_f, serial_undead_e
D:4:      layout_loops_ring, mainiacjoe_overflow_small_starburst,
          minmay_temple_entry_mist, uniq_sigmund
D:5:      layout_rooms, mainiacjoe_overflow_alcove_4, trog_three_pillars_becter,
          cheibrodos_ashenzari_chains, serial_glass, glass_columns_a,
          glass_columns_a, minmay_manual_moon
Temple:   nicolae_temple_no_exploring_needed

Skill      XL: |  1  2  3  4  5  6  7 |
---------------+----------------------+-----
Spellcasting   | 5 6 7 |  7.3
Fighting       | 1 |  1.7
Armour         | 1 |  1.0
Conjurations   | 2 4 5 |  5.1
Dodging        | 3 |  3.0
Stealth        | 3 |  3.0
Necromancy     | 1 |  1.9
Evocations     | 1 |  1.0
Poison Magic   | 1 |  1.0
Air Magic      | 1 |  1.0
Ice Magic      | 1 |  1.1
Summonings     | |  1.1
Translocations | |  1.1

Action                     |  1- 3 |  4- 6 |  7- 9 || total
---------------------------+-------+-------+-------++-------
  Melee: Dagger            |    11 |    12 |     7 ||    30
   Cast: Magic Dart        |    91 |   132 |    36 ||   259
         Mephitic Cloud    |     1 |     4 |     6 ||    11
         Call Imp          |       |     1 |     4 ||     5
         Blink             |       |       |     1 ||     1
   Stab: Confused          |     1 |     1 |     1 ||     3
 Armour: Robe              |     9 |    19 |    33 ||    61
  Dodge: Dodged            |     6 |    42 |    44 ||    92

Table legend: (Time is in decaauts)
 A = Elapsed time spent in this place.
 B = Non-inter-level travel time spent in this place.
 C = Inter-level travel time spent in this place.
 D = Time resting spent in this place.
 E = Time spent auto-exploring this place.
 F = Levels seen in this place.
 G = Mean time per level.
                   A        B        C        D        E       F      G
               +--------+--------+--------+--------+--------+-----+--------+
         Total |   5540 |   5367 |    173 |    561 |   4178 |   6 |  923.3 |
       Dungeon |   5525 |   5358 |    167 |    561 |   4178 |   5 | 1105.0 |
        Temple |     14 |      8 |      6 |      0 |      0 |   1 |   14.0 |
               +--------+--------+--------+--------+--------+-----+--------+

Top non-repeatable levels by time:
     D:4: 1469 daAuts
     D:3: 1265 daAuts
     D:1: 1203 daAuts
     D:2: 1108 daAuts
     D:5: 478 daAuts
  Temple: 14 daAuts
